 Dungeon Crawl Stone Soup version 0.30-a0-715-gdb4ae3ece1 (webtiles) character file.

Game seed: 12310035969761819027

284 Armakuni the Caller (level 6, -9/41 HPs)
             Began as a Human Summoner on Jan 23, 2023.
             Was an Initiate of Gozag.
             Killed by an exploding hound (43 damage)
             ... ignited by their inner flame
             ... on level 4 of the Dungeon.
             The game lasted 00:15:54 (3763 turns).

Armakuni the Caller (Human Summoner)                Turns: 3763, Time: 00:15:55

Health: -9/41      AC:  8    Str: 10    XL:     6   Next: 54%
Magic:  13/18      EV: 12    Int: 16    God:    Gozag
Gold:   463        SH:  0    Dex: 13    Spells: 5/9 levels left

rFire   . . .      SeeInvis .    a - +0 hand axe (venom)
rCold   . . .      Faith    .    (no shield)
rNeg    . . .      Spirit   .    e - +0 robe
rPois   .          Reflect  .    h - +0 helmet
rElec   .          Harm     .    (no cloak)
rCorr   .          Rampage  .    (no gloves)
Will    .....                    d - +0 pair of boots
Stlth   ++                       (no amulet)
HPRegen 0.26/turn                P - ring of magical power
MPRegen 0.16/turn                A - +4 ring of protection

@: no status effects
A: no striking features
a: Renounce Religion, Potion Petition, Call Merchant, Bribe Branch


You were on level 4 of the Dungeon.
You worshipped Gozag.
Gozag was aware of your devotion.
You visited 1 branch of the dungeon, and saw 5 of its levels.

You collected 1330 gold pieces.
You spent 264 gold pieces at shops.
You paid 603 gold pieces to Gozag.

Inventory:

Hand Weapons
 a - a +0 hand axe of venom (weapon)
 b - a +4 shortbow
 x - a +1 long sword of holy wrath
 y - the +3 mace of Sudden Death {pain, rC++}
   (You bought it in a shop on level 5 of the Dungeon)

   rC:        It greatly protects you from cold.
Armour
 d - a +0 pair of boots (worn)
 e - a +0 robe (worn)
 f - a +0 leather armour
 h - a +0 helmet (worn)
 k - a +0 buckler
 n - a +0 ring mail
Jewellery
 p - an amulet of faith
 A - a +4 ring of protection (right hand)
 P - a ring of magical power (left hand)
Wands
 r - a wand of roots (7)
 s - a wand of flame (13)
Scrolls
 c - a scroll of identify
 g - 2 scrolls of enchant armour
 j - a scroll of immolation
Potions
 i - 2 potions of magic
 l - 3 potions of curing
 m - a potion of flight {unknown}
 o - a potion of attraction {unknown}
 t - a potion of haste {unknown}
 u - a potion of degeneration {unknown}
 v - a potion of mutation {unknown}
 w - a potion of heal wounds {unknown}


   Skills:
 - Level 2.0 Dodging
 - Level 2.0 Stealth
 - Level 2.0 Spellcasting
 + Level 7.4 Summonings


You had 5 spell levels left.
You knew the following spells:

 Your Spells              Type           Power      Damage    Failure   Level
a - Summon Small Mammal   Summ           100%       N/A       1%          1
k - Call Canine Familiar  Summ           25%        N/A       3%          3

Your spell library contained the following spells:

 Spells                   Type           Power      Damage    Failure   Level
 Call Imp                 Summ           25%        N/A       1%          2
 Summon Guardian Golem    Hex/Summ       13%        N/A       14%         3
 Summon Lightning Spire   Summ/Air       13%        N/A       41%         4
 Passage of Golubria      Tloc           1%         N/A       90%         4
 Silence                  Hex/Air        0%         N/A       99%         5
 Lehudib's Crystal Spear  Conj/Erth      0%         10d2      100%        8


Dungeon Overview and Level Annotations

Branches:
Dungeon (5/15)
 Temple: D:4-7

Altars:
Gozag
Hepliaklqana

Shops:
D:5 (

Annotations:
D:4 Crazy Yiuf


Message History

Found a stone staircase leading up.
Found a stone staircase leading up.
There is a stone staircase leading up here.
Found a hammer.
Found a runed translucent door.
Crazy Yiuf shouts!
Press: ? - help, v - describe, . - travel
Here: Crazy Yiuf, wielding a +2 quarterstaff of chaos and wearing a +0 cloak (fire blocked by a runed translucent door)
The floor.
Unknown command.
Okay, then.
Unknown command.
Casting: Call Canine Familiar (dangerous; 3% risk of failure)
Confirm with . or Enter, or press ? or * to list all spells.
You open the door.
You swap places.
Your hound closely misses Crazy Yiuf.
Crazy Yiuf barely misses your hound.
Your hound bites Crazy Yiuf.
Your hound bites Crazy Yiuf.
Crazy Yiuf hits your hound with a +2 quarterstaff of chaos!
Lightning courses through your hound!
Your hound dies!
Your hound's corpse disappears in a puff of smoke!
Casting: Call Canine Familiar (dangerous; 3% risk of failure)
Confirm with . or Enter, or press ? or * to list all spells.
Crazy Yiuf hits you with a +2 quarterstaff of chaos.
Crazy Yiuf freezes you.
You swap places.
Your hound misses Crazy Yiuf. Crazy Yiuf closely misses your hound.
Your hound closely misses Crazy Yiuf.
Really read the scroll of immolation?
As you read the scroll of immolation, it crumbles to dust.
The creatures around you are filled with an inner flame!
Your hound barely misses Crazy Yiuf.
Crazy Yiuf hits your hound with a +2 quarterstaff of chaos!
Flame seeps out of your hound.
Your hound is engulfed in blazing flames.
Your hound's corpse disappears in a puff of smoke!
Your hound explodes!
The fiery explosion engulfs you!!!
Ouch! That really hurt!
You die...
Your body crumbles into a pile of gold.

#.# #####
#.##### #..)#
##.##.###
#...#
#..##...# ...
###.>##.# #'#
#####..##.#
##.#
#....##...#
#g##
#.##.##.#.##.#
##○#
#.###........#
#@##
>............#
##.##
.............#
#.PP##
#####.#...##.#
#..PP# #
#.#...# .#
##..## #
#.#####
###....# # #.#
#.##...#
.......
#.##..##
#######
#.....#


You could see Crazy Yiuf (inner flame).

Vanquished Creatures
  A centaur (D:4)
  2 gnolls (D:4)
  4 adders
  A worm (D:2)
  3 dart slugs
  8 orcs
  A bat skeleton (D:2)
  A bat zombie (D:2)
  3 endoplasms
  A giant cockroach (D:3)
  7 goblins
  6 hobgoblins
  2 jackals (D:1)
  6 kobolds
  3 quokkas
  4 ball pythons
  A ball python zombie (D:2)
  4 bats
  4 frilled lizards
  A giant cockroach zombie (D:2)
  A quokka zombie (D:2)
64 creatures vanquished.

Vanquished Creatures (collateral kills)
  A gnoll (D:4)
  3 adders (D:4)
  An orc (D:4)
  5 bats
  4 endoplasms (D:4)
  A goblin (D:1)
  4 hobgoblins
  2 jackals (D:1)
  A kobold (D:4)
  2 ball pythons
  3 frilled lizards (D:1)
  2 rats (D:1)
29 creatures vanquished.

Grand Total: 93 creatures vanquished

Notes
Turn   | Place    | Note
-------+----------+-------------------------------------------
     0 | D:1      | Armakuni the Human Summoner began the quest for the Orb.
     0 | D:1      | Reached XP level 1. HP: 13/13 MP: 3/3
   134 | D:1      | Reached XP level 2. HP: 19/19 MP: 1/5
   706 | D:1      | Reached XP level 3. HP: 24/24 MP: 6/6
   756 | D:1      | Learned a level 3 spell: Call Canine Familiar
   849 | D:1      | Found a faded altar of an unknown god.
  1022 | D:1      | Reached skill level 5 in Summonings
  1407 | D:2      | Found an opulent altar of Gozag.
  1413 | D:2      | Became a worshipper of Gozag Ym Sagoz the Greedy
  1462 | D:2      | Reached XP level 4. HP: 30/30 MP: 7/7
  2067 | D:3      | Identified a scroll of acquirement
  2067 | D:3      | Acquired 430 gold pieces
  2588 | D:3      | Found a hazy altar of Hepliaklqana.
  3022 | D:4      | Reached skill level 6 in Summonings
  3022 | D:4      | Reached XP level 5. HP: 30/35 MP: 8/8
  3195 | D:4      | Noticed a centaur
  3201 | D:4      | Killed a centaur
  3202 | D:4      | Reached skill level 7 in Summonings
  3202 | D:4      | Reached XP level 6. HP: 30/41 MP: 9/9
  3342 | D:5      | Entered Level 5 of the Dungeon
  3345 | D:5      | Bought an ichor-stained mace for 264 gold pieces
  3345 | D:5      | Identified the +3 mace of Sudden Death {pain, rC++} (You
                  | bought it in a shop on level 5 of the Dungeon)
  3750 | D:4      | Found a runed translucent door.
  3751 | D:4      | Noticed Crazy Yiuf
  3763 | D:4      | Killed by an exploding hound... ignited by their inner
                  | flame

Illustrated notes

Levels and vault maps discovered:
D:1:      dpeg_arrival_rooms_with_view, layout_basic,
          dilly_ecumenical_altar_fadedgnrine
D:2:      layout_basic, basic_altar, serial_undead, serial_undead_f,
          serial_undead_e, serial_undead_b, serial_undead_a
D:3:      layout_basic, worldfamousw_hep_ancestral_shrine
D:4:      minmay_polygon_palace, layout_loops_ring,
          kennysheep_decorative_pillar, st_stairs_7, kennysheep_orc_chapel,
          uniq_crazy_yiuf_cottage
D:5:      layout_basic, mainiacjoe_overflow_alcove_2, serial_shops, shop,
          kennysheep_little_box, nicolae_square_shop

Skill      XL: |  1  2  3  4  5 |
---------------+----------------+-----
Summonings     | 5 6 7 |  7.4
Dodging        | |  2.0
Stealth        | |  2.0
Spellcasting   | |  2.0

Action                     |  1- 3 |  4- 6 || total
---------------------------+-------+-------++-------
  Melee: Unarmed           |    17 |       ||    17
         Short sword       |    33 |       ||    33
         Dagger            |    12 |       ||    12
         Whip              |    30 |       ||    30
         Falchion          |     2 |       ||     2
         Hand axe          |    36 |   119 ||   155
   Cast: Summon Small Mamm |    30 |       ||    30
         Call Canine Famil |       |     7 ||     7
 Invoke: Call Merchant     |       |     1 ||     1
  Evoke: Wand              |       |     1 ||     1
    Use: Scroll            |     4 |     5 ||     9
   Stab: Sleeping          |     3 |     5 ||     8
         Distracted        |     2 |     2 ||     4
 Armour: Robe              |    88 |    60 ||   148
  Dodge: Dodged            |   163 |    94 ||   257

Table legend: (Time is in decaauts)
 A = Elapsed time spent in this place.
 B = Non-inter-level travel time spent in this place.
 C = Inter-level travel time spent in this place.
 D = Time resting spent in this place.
 E = Time spent auto-exploring this place.
 F = Levels seen in this place.
 G = Mean time per level.
                   A        B        C        D        E       F      G
               +--------+--------+--------+--------+--------+-----+--------+
         Total |   3807 |   3308 |    499 |    146 |    417 |   5 |  761.4 |
       Dungeon |   3807 |   3308 |    499 |    146 |    417 |   5 |  761.4 |
               +--------+--------+--------+--------+--------+-----+--------+

Top non-repeatable levels by time:
     D:1: 1210 daAuts
     D:3: 974 daAuts
     D:4: 856 daAuts
     D:2: 758 daAuts
     D:5: 7 daAuts
